 Dungeon Crawl Stone Soup version 0.28.0-43-g3370ac3207 (webtiles) character file.

Game seed: 3775254450095076812

26 Zeld the Digger (level 3, -2/20 HPs)
             Began as a Gargoyle Earth Elementalist on Mar 5, 2022.
             Slain by a goblin
             ... wielding a +0 club
              (4 damage)
             ... on level 1 of the Dungeon.
             The game lasted 00:02:28 (1490 turns).

Zeld the Digger (Gargoyle Earth Elementalist)       Turns: 1490, Time: 00:02:28

Health: -2/20      AC:  5    Str: 11    XL:     3   Next: 8%
Magic:  5/6        EV: 12    Int: 17    God:
Gold:   32         SH:  0    Dex: 10    Spells: 0/6 levels left

rFire   . . .      SeeInvis .   d - +2 dagger (elec)
rCold   . . .      Faith    .   (no shield)
rNeg    + . .      Spirit   .   b - +0 robe
rPois   ∞          Reflect  .   (no helmet)
rElec   +          Harm     .   (no cloak)
rCorr   .          Rampage  .   (no gloves)
Will    .....                   (no boots)
Stlth   ++........              (no amulet)
HPRegen 0.06/turn               (no ring)
MPRegen 0.10/turn               (no ring)

@: no status effects
A: sickness immunity, AC +3, negative energy resistance 1, electricity
resistance, torment resistance 1, petrification resistance
a: no special abilities


You were on level 1 of the Dungeon.
You visited 1 branch of the dungeon, and saw 2 of its levels.

You collected 32 gold pieces.

Inventory:

Hand Weapons
 d - a +2 dagger of electrocution (weapon)
Missiles
 c - 18 stones
Armour
 b - a +0 robe (worn)
Scrolls
 e - a scroll of enchant weapon {unknown}
 f - a scroll of silence {unknown}
Potions
 a - a potion of might {unknown}
 g - a potion of berserk rage {unknown}


   Skills:
 + Level 0.7 Fighting
 + Level 1.7 Dodging
 + Level 2.4 Stealth
 * Level 2.3 Spellcasting
 + Level 0.0 Conjurations
 - Level 1.0 Transmutations
 * Level 4.1 Earth Magic


You couldn't memorise any spells.
You knew the following spells:

 Your Spells              Type           Power      Damage    Failure   Level
a - Sandblast             Erth           32%        2d9       3%          1
b - Passwall              Tmut/Erth      8%         N/A       10%         2
c - Stone Arrow           Conj/Erth      18%        3d8       24%         3

Your spell library contained the following spells:

 Spells                   Type           Power      Damage    Failure   Level
 Petrify                  Tmut/Erth      10%        N/A       54%         4


Dungeon Overview and Level Annotations

Branches:
Dungeon (2/15)

Altars:


Innate Abilities, Weirdness & Mutations

You are immune to sickness and miasma.
Your stone body is resilient. (AC +3)
You are immune to poison.
You resist negative energy. (rN+)
You are resistant to electric shocks. (rElec)
You are resistant to unholy torment.
You are immune to petrification.


Message History

You barely miss the goblin.
The ball python hisses angrily.
The goblin closely misses you.
You hit the worm.
The worm is lightly wounded.
The goblin hits you but does no damage.
A ball python comes into view.
You barely miss the worm.
The ball python hisses angrily.
Your punch misses the worm.
The worm is lightly wounded.
The goblin hits you with a +0 club. The worm bites you!
You barely miss the goblin. The goblin hits you with a +0 club.
The ball python bites you but does no damage.
The ball python closely misses you. The worm bites you.
* * * LOW HITPOINT WARNING * * *
You are too injured to fight recklessly!
You are too injured to fight recklessly!
There is a stone staircase leading up here.
The goblin hits you but does no damage.
The ball python bites you but does no damage.
The ball python closely misses you.
You climb upwards.
There is a stone staircase leading down here.
You hit the goblin.
The goblin is severely wounded.
The ball python bites you.
* * * LOW HITPOINT WARNING * * *
The ball python barely misses you. The goblin closely misses you.
The ball python closely misses you. The ball python barely misses you.
Casting: Sandblast (safe; 3% risk of failure)
Confirm with . or Enter, or press ? or * to list all spells.
Aiming: Sandblast (safe; 3% risk of failure)
Press: ? - help, Shift-Dir - straight line, f - ball python
Aim: a ball python (77% to hit)
The blast of sand hits the ball python!
You kill the ball python!
c - 18 stones The goblin hits you with a +0 club.
You die...

# #########.# ####
#.........# ...#
#.........# ##.#
#.........# ##.#
#.........# ##.#
#.........# ##.#
#######.....#
##.#######.......###.##
### ................@#
#..# #.#
###.#.####.....g.###..#
#.#
..)......#............#
#.#
.##.#.##.#.......####.#
#.#
.##...##.#.......####.#
#.#
.###..##.#......)#....#
#.#####
.........#######...##.###
#.....#
####..##.########.......#
#.###.#
..##..##.##...........#.#
#.# #.#


You could see a goblin.

Vanquished Creatures
  8 ball pythons (D:1)
  4 endoplasms (D:1)
  A giant cockroach (D:1)
  A goblin (D:1)
  2 hobgoblins (D:1)
  A quokka (D:1)
  3 bats (D:1)
  2 frilled lizards (D:1)
  2 kobolds (D:1)
  A rat (D:2)
25 creatures vanquished.

Notes
Turn   | Place    | Note
-------+----------+-------------------------------------------
     0 | D:1      | Zeld the Gargoyle Earth Elementalist began the quest for
                  | the Orb.
     0 | D:1      | Reached XP level 1. HP: 10/10 MP: 3/3
   411 | D:1      | Found a faded altar of an unknown god.
   417 | D:1      | Reached XP level 2. HP: 15/15 MP: 1/5
   420 | D:1      | Learned a level 2 spell: Passwall
   872 | D:1      | Reached skill level 4 in Earth Magic
   874 | D:1      | Reached skill level 1 in Transmutations
  1150 | D:1      | Reached XP level 3. HP: 14/20 MP: 6/6
  1154 | D:1      | Learned a level 3 spell: Stone Arrow
  1490 | D:1      | Slain by a goblin

Illustrated notes

Levels and vault maps discovered:
D:1:      lemuel_arrival_lava_pool, layout_basic,
          ebering_ecumenical_altar_abandoned, minmay_shallow_snake_nest
D:2:      layout_basic, hangedman_decor_points

Skill      XL: |  1  2 |
---------------+-------+-----
Earth Magic    | 4 |  4.1
Transmutations | 1 |  1.0
Fighting       | |  0.7
Dodging        | |  1.7
Stealth        | |  2.4
Spellcasting   | |  2.3

Action                   || total
-------------------------++-------
Melee: Unarmed           ||     8
       Dagger            ||    35
 Cast: Sandblast         ||    15
 Stab: Sleeping          ||     1
Armor: Robe              ||    19
Dodge: Dodged            ||    34
